Map: Ultralove

Players

Mushikun - Winner!

  • Race: Zerg Zerg
  • Spawn Location: 1:00

A.I. 1 (Very Hard)

  • Race: Protoss Protoss
  • Spawn Location: 7:00

VOD

Have the link to the VOD?

Description

Time

  • Played on: Feb. 23, 2025, 10:02 p.m.
  • Length: 17:19
Show
View Real Time Build Order
Export as new Build Order

Mushikun Zerg - Winner!

Build Orders: Hatch First 

Get SALT Encoding   

  12  0:01  Drone  
  13  0:13  Overlord  
  13  0:17  Drone  
  14  0:30  Overlord  
  14  0:33  Drone  
  14  0:35  Drone  
  16  0:51  Drone  
  17  1:02  Drone, Hatchery  
  17  1:15  Evolution Chamber  
  16  1:20  Drone x2  
  18  1:34  Drone  
  19  1:52  Drone x2  
  21  1:58  Spawning Pool  
  20  2:01  Overlord  
  20  2:15  Drone x2  
  22  2:37  Drone x3  
  22  2:38  Drone  
  26  2:48  Hatchery  
  26  2:49  Hatchery  
  24  2:55  Hatchery  
  23  3:01  Zergling x2  
  23  3:02  Zergling x6  
  27  3:17  Drone x2  
  29  3:21  Drone x2  
  31  3:27  Drone  
  31  3:32  Queen  
  31  3:33  Queen  
  36  3:36  Zergling x2  
  37  3:42  Drone x2  
  39  4:03  Zergling x2  
  39  4:04  Zergling x10  
  39  4:08  Zergling x2  
  46  4:10  Zergling x2  
  47  4:19  Zergling x2  
  47  4:20  Zergling x6  
  51  4:27  Drone x2  
  51  4:28  Drone  
  54  4:35  Extractor  
  53  4:38  Extractor  
  53  4:39  Drone  
  53  4:42  Zergling x2  
  53  4:43  Zergling x12  
  60  4:51  Zergling x2  
  60  4:52  Zergling x2  
  62  4:55  Overlord  
  62  4:56  Overlord x8  
  62  5:11  Overlord x2  
  62  5:12  Overlord x3  
  62  5:23  Zergling x10  
  67  5:32  Extractor  
  67  5:33  Drone x4  
  70  5:36  Drone  
  70  5:37  Drone x3  
  70  5:41  Zergling x8, Extractor  
  77  5:58  Zergling x2  
  77  5:59  Zergling x18  
  77  6:00  Zergling x2  
  87  6:44  Spine Crawler  
  87  6:45  Spine Crawler  
  87  6:46  Spine Crawler  
  87  6:47  Spine Crawler  
  83  6:48  Spine Crawler  
  83  6:51  Spine Crawler  
  83  6:53  Spine Crawler  
  83  6:54  Spore Crawler x2  
  79  6:58  Spore Crawler  
  79  7:00  Spine Crawler, Spore Crawler  
  75  7:07  Spine Crawler, Drone  
  75  7:08  Drone x6  
  80  7:09  Drone x5  
  86  7:34  Hatchery  
  85  7:42  Lair  
  85  7:48  Roach Warren  
  84  8:12  Drone x5  
  45  8:46  Infestation Pit  
  44  8:48  Hydralisk Den  
  44  8:55  Drone x4  
  44  8:56  Drone x11  
  44  8:57  Drone x11  
  44  8:58  Drone  
  69  9:23  Zerg Missile Weapons Level 1  
  69  9:27  Extractor  
  69  9:28  Grooved Spines, Extractor  
  67  10:04  Spine Crawler  
  67  10:06  Spine Crawler x2  
  64  10:07  Spine Crawler  
  63  10:16  Hydralisk  
  63  10:17  Hydralisk x11  
  63  10:18  Hydralisk x10  
  63  10:19  Muscular Augments  
  107  10:52  Hydralisk x6  
  107  10:53  Hydralisk x7  
  133  11:16  Hatchery  
  133  11:17  Zerg Ground Armor Level 1  
  132  11:25  Hatchery  
  131  11:33  Hatchery  
  130  11:48  Overlord  
  130  11:51  Hydralisk  
  130  11:52  Hydralisk x9  
  130  11:53  Hydralisk x2  
  154  12:43  Hydralisk  
  156  12:44  Hydralisk x9  
  156  12:45  Hydralisk x6  
  186  12:54  Hive  
  186  13:06  Evolution Chamber  
  186  13:08  Evolution Chamber  
  186  13:11  Zerg Missile Weapons Level 2  
  186  13:12  Hydralisk  
  184  13:13  Hydralisk x4  
  184  13:14  Hydralisk  
  196  13:29  Hydralisk  
  196  13:30  Hydralisk  
  196  14:35  Hydralisk  
  196  14:36  Hydralisk x8  
  196  14:37  Hydralisk x4  
  196  14:38  Hydralisk x2  
  162  15:00  Hydralisk  
  162  15:01  Hydralisk x12  
  162  15:02  Hydralisk x5  
  164  15:33  Hydralisk x7  
  164  15:34  Hydralisk x2  
  172  15:52  Hydralisk x5  
  164  16:23  Hydralisk  
  164  16:24  Hydralisk x7  
  180  16:40  Hydralisk  
  180  16:41  Hydralisk x4  
  190  16:50  Overlord x2  
  190  16:53  Hydralisk  
Show
View Real Time Build Order
Export as new Build Order

A.I. 1 (Very Hard) Protoss 

Build Orders: Zealot Archon 

Get SALT Encoding   

  12  0:00  Probe  
  13  0:13  Probe  
  14  0:19  Pylon  
  14  0:25  Probe  
  15  0:33  Probe  
  15  0:41  Probe  
  16  0:47  Assimilator  
  16  0:49  Gateway  
  17  0:52  Probe  
  18  1:00  Probe, Pylon  
  19  1:08  Probe  
  19  1:18  Probe  
  21  1:36  Gateway  
  21  1:37  Cybernetics Core  
  21  1:38  Zealot, Probe  
  24  1:48  Pylon  
  24  1:50  Probe  
  25  1:57  Zealot  
  25  2:02  Probe  
  28  2:15  Probe  
  29  2:16  Warp Gate  
  29  2:22  Adept  
  29  2:23  Adept  
  29  2:27  Gateway  
  33  2:37  Gateway  
  33  2:46  Stalker  
  33  2:50  Stalker  
  33  2:56  Pylon  
  33  2:58  Probe  
  38  3:03  Assimilator  
  38  3:10  Probe, Adept  
  39  3:14  Adept  
  43  3:21  Stalker  
  45  3:28  Stalker  
  47  3:42  Pylon  
  47  3:58  Robotics Facility  
  47  4:05  Twilight Council  
  47  4:17  Pylon  
  47  4:42  Zealot  
  47  4:43  Dark Shrine  
  49  4:50  Nexus  
  49  5:13  Sentry  
  51  5:22  Stalker  
  51  5:28  Pylon  
  53  5:37  Stalker  
  53  5:41  Stalker  
  57  5:55  Dark Templar  
  59  6:03  Probe x2  
  59  6:04  Dark Templar  
  63  6:08  Assimilator  
  63  6:10  Assimilator  
  63  6:14  Zealot, Stalker  
  63  6:15  Probe  
  63  6:16  Probe  
  63  6:18  Archon  
  69  6:25  Zealot  
  71  6:33  Zealot  
  71  6:34  Zealot, Pylon, Probe  
  71  6:36  Dark Templar  
  71  6:37  Probe  
  79  6:46  Probe  
  80  6:48  Dark Templar  
  80  6:50  Probe  
  83  6:56  Probe  
  83  6:57  Sentry  
  83  6:58  Pylon  
  83  6:59  Zealot  
  83  7:00  Archon  
  88  7:07  Probe  
  89  7:09  Dark Templar  
  89  7:11  Probe  
  92  7:20  Probe  
  92  7:21  Dark Templar  
  92  7:22  Probe  
  95  7:23  Pylon  
  95  7:28  Probe, Observer  
  97  7:32  Zealot  
  97  7:34  Probe, Archon  
  101  7:42  Dark Templar  
  103  7:50  Probe  
  104  7:51  Dark Templar, Pylon  
  104  7:52  Probe  
  107  7:58  Zealot  
  107  8:02  Probe  
  110  8:06  Archon  
  110  8:09  Zealot, Probe  
  113  8:14  Dark Templar  
  113  8:15  Pylon  
  113  8:17  Dark Templar  
  109  8:24  Stalker  
  97  8:29  Adept, Archon  
  80  8:35  Observer  
  80  8:39  Zealot  
  79  8:46  Adept  
  79  8:47  Zealot  
  83  8:50  Zealot  
  83  8:54  Zealot  
  87  9:06  Zealot  
  87  9:07  Zealot  
  91  9:10  Zealot  
  91  9:14  Zealot  
  95  9:22  Stalker  
  97  9:26  Zealot  
  97  9:30  Zealot  
  101  9:34  Stalker  
  103  9:40  Stalker  
  103  9:44  Zealot  
  107  9:46  Stalker  
  109  9:53  Pylon  
  109  9:57  Zealot, Immortal  
  115  10:01  Zealot  
  115  10:03  Stalker  
  119  10:09  Nexus  
  119  10:13  Zealot  
  121  10:17  Zealot  
  123  10:25  Stalker, Pylon  
  125  10:28  Zealot  
  125  10:32  Zealot  
  129  10:36  Zealot  
  131  10:48  Stalker  
  131  10:49  Stalker  
  135  10:50  Pylon  
  135  10:54  Stalker  
  137  10:58  Stalker  
  137  10:59  Immortal  
  143  11:15  Adept  
  143  11:18  Pylon  
  145  11:22  Probe x3  
  148  11:31  Probe  
  148  11:38  Robotics Bay  
  149  11:40  Probe  
  149  11:46  Pylon, Probe  
  151  11:47  Probe  
  151  11:49  Probe  
  153  11:56  Forge  
  153  12:01  Protoss Ground Armor Level 1, Probe  
  153  12:03  Probe  
  153  12:04  Probe  
  156  12:12  Pylon  
  156  12:13  Probe  
  156  12:14  Probe  
  158  12:16  Probe, Forge  
  158  12:21  Pylon, Probe  
  159  12:24  Pylon, Colossus  
  166  12:34  Protoss Ground Weapons Level 1  
  166  12:49  Photon Cannon  
  166  12:53  Pylon  
  166  12:56  Photon Cannon  
  166  12:59  Pylon  
  166  13:04  Robotics Facility  
  166  13:06  Adept  
  168  13:17  Photon Cannon  
  168  13:18  Warp Prism  
  170  13:25  Photon Cannon  
  170  13:28  Photon Cannon  
  170  13:50  Disruptor  
  170  13:54  Observer  
  175  14:00  Assimilator  
  175  14:05  Assimilator  
  175  14:11  Immortal  
  179  14:20  Nexus  
  179  14:25  Warp Prism  
  179  14:27  Probe x2  
  133  14:39  Probe  
  133  14:40  Probe  
  133  14:41  Colossus  
  119  14:52  Probe  
  94  14:59  Zealot  
  72  15:01  Observer  
  73  15:10  Stalker x2, Adept  
  73  15:12  Disruptor  
  65  15:20  Sentry  
  63  15:24  Nexus  
  51  15:30  Zealot  
  51  15:33  Stalker  
  38  15:36  Probe  
  38  15:39  Probe  
  33  15:48  Probe  
  27  15:51  Probe  
  16  16:14  Probe  
  9  16:25  Probe  
  9  16:31  Probe  
  10  16:33  Probe  
  10  16:39  Nexus  
  12  16:40  Probe  
  12  16:41  Probe  
Tags
 
Composition
Zealot Archon
Matchup
PvZ
Spawn Locations
Cross Positions
Add a new tag
Caveats
  • Supply blocks, unpowered buildings, or Contaminate may cause inaccurate times.
  • Supply counts are checked every 10 seconds.